Map: Ruins of Seras

Players

TheRedBaron

  • Race: Terran Terran
  • League: Gold

DeathnDisco - Winner!

  • Race: Terran Terran
  • League: Gold

VOD

Have the link to the VOD?

Description

Time

  • Played on: Jan. 12, 2016, 9:43 p.m.
  • Length: 21:57
Show
View Real Time Build Order
Export as new Build Order

TheRedBaron Terran 

Build Orders:  

Get SALT Encoding   

  12  0:01  SCV  
  14  0:14  SCV  
  14  0:26  SCV  
  14  0:27  Refinery  
  15  0:35  Supply Depot  
  15  0:57  SCV  
  16  1:06  Barracks  
  16  1:09  SCV, Barracks  
  17  1:21  SCV  
  18  1:33  SCV  
  19  1:45  SCV  
  20  1:53  Reaper  
  21  1:56  Reaper  
  22  2:02  Command Center  
  22  2:12  Supply Depot  
  22  2:16  SCV  
  23  2:34  SCV, Reaper x2  
  26  2:42  Supply Depot  
  26  2:48  Orbital Command  
  25  3:13  Barracks Tech Lab x2  
  25  3:14  Supply Depot  
  25  3:16  SCV  
  25  3:18  Refinery  
  26  3:25  Factory  
  26  3:28  SCV  
  26  3:34  Marauder  
  27  4:19  Orbital Command  
  25  4:30  SCV  
  25  4:35  Marauder x2  
  25  4:38  Armory  
  29  4:42  SCV  
  29  4:44  Factory  
  30  4:49  SCV, Engineering Bay  
  30  4:51  Refinery  
  31  4:52  Refinery  
  31  4:55  SCV  
  32  5:01  SCV  
  33  5:14  Marine x2  
  33  5:17  Terran Infantry Weapons Level 1, Factory Tech Lab  
  35  5:22  Starport  
  35  5:32  SCV  
  35  5:33  Factory Tech Lab, Missile Turret  
  36  5:41  SCV  
  37  5:49  SCV  
  38  5:54  SCV  
  38  5:56  Thor  
  45  6:00  Starport Reactor  
  45  6:01  SCV  
  45  6:03  Missile Turret  
  46  6:09  Combat Shields  
  46  6:14  SCV  
  46  6:17  SCV  
  48  6:22  Missile Turret  
  48  6:34  Missile Turret  
  48  6:41  Missile Turret  
  48  6:56  Command Center, Marauder x2  
  48  6:58  Thor  
  58  7:22  Medivac x2  
  62  7:30  Supply Depot  
  62  7:34  SCV, Marine  
  70  7:52  SCV, Medivac x2, Marine  
  70  7:54  Barracks  
  76  8:03  Widow Mine  
  76  8:05  Supply Depot  
  78  8:09  Terran Infantry Armor Level 1  
  78  8:13  Terran Vehicle And Ship Armor Level 1, Thor  
  78  9:23  Siege Tank x2  
  38  12:10  Supply Depot x2  
  10  13:27  SCV  
  11  13:39  SCV  
  12  13:51  SCV  
  13  13:59  Command Center  
  13  14:26  SCV  
  14  14:38  SCV  
  8  15:25  Barracks  
  8  15:27  Barracks  
  8  15:34  Barracks  
  8  15:45  SCV  
  9  16:09  SCV  
  9  16:14  Reaper x2  
  11  16:22  Factory  
Show
View Real Time Build Order
Export as new Build Order

DeathnDisco Terran - Winner!

Build Orders:  

Get SALT Encoding   

  12  0:01  SCV  
  13  0:13  SCV  
  14  0:20  Supply Depot  
  14  0:25  SCV  
  15  0:42  SCV  
  16  0:44  Barracks  
  16  0:53  Refinery  
  16  0:54  SCV  
  17  1:06  SCV  
  18  1:18  SCV  
  19  1:30  SCV  
  20  1:35  Reaper  
  21  1:42  SCV  
  22  1:54  Command Center, SCV  
  23  2:12  Supply Depot  
  23  2:17  Orbital Command  
  23  2:19  Factory  
  22  2:37  Barracks  
  22  2:39  Barracks  
  22  2:48  Marine  
  23  2:59  SCV  
  23  3:03  Refinery  
  23  3:04  Factory Tech Lab  
  24  3:06  Marine  
  25  3:14  SCV  
  26  3:23  Siege Tank  
  26  3:24  Marine  
  26  3:26  SCV  
  31  3:32  Marine  
  32  3:37  Bunker  
  30  3:55  SCV  
  30  4:02  Marine x2  
  29  4:09  SCV  
  28  4:21  SCV  
  30  4:31  Barracks Reactor x3  
  29  4:32  Barracks Tech Lab  
  29  4:39  Orbital Command  
  29  4:42  Refinery  
  29  4:46  SCV  
  30  5:05  Starport  
  30  5:07  Marine  
  30  5:12  SCV x2  
  33  5:16  Marine  
  33  5:18  Marine  
  35  5:21  Marine  
  35  5:23  Marine  
  35  5:25  Marine  
  38  5:34  SCV, Marine  
  40  5:36  Marine  
  40  5:38  SCV  
  40  5:39  Marine  
  43  5:43  Widow Mine  
  43  5:46  SCV  
  46  5:52  Supply Depot  
  46  6:09  Supply Depot  
  46  6:13  SCV x2, Medivac, Marine x4  
  54  6:31  SCV x2  
  56  6:33  Supply Depot  
  56  6:34  Marine  
  56  6:35  Marine x4  
  61  6:43  SCV  
  62  6:55  SCV, Marine x5  
  62  6:59  Supply Depot  
  62  7:01  Supply Depot  
  68  7:02  SCV  
  68  7:07  SCV, Starport Tech Lab  
  69  7:09  Starport Reactor  
  69  7:13  Marine  
  70  7:20  SCV, Siege Tank  
  74  7:26  Engineering Bay  
  74  7:28  Engineering Bay  
  74  7:30  SCV  
  74  7:31  Supply Depot  
  74  7:32  SCV  
  74  7:35  Refinery  
  74  7:36  Marine x2  
  78  7:44  Medivac  
  78  7:45  Medivac  
  78  7:46  Marine x2  
  78  7:47  Marine  
  86  7:51  SCV  
  86  7:52  SCV  
  86  7:54  Marine  
  88  8:02  Supply Depot  
  88  8:03  SCV  
  88  8:04  SCV  
  90  8:07  Supply Depot  
  90  8:11  Marine x2  
  90  8:12  Marine  
  93  8:16  Marine  
  94  8:23  Marine  
  95  8:29  Marine x3  
  98  8:34  Marine  
  98  8:36  SCV x2  
  101  8:41  Marine  
  101  8:42  Siege Tank  
  101  8:47  Marine x3  
  101  8:48  SCV  
  109  8:50  SCV  
  109  8:54  Supply Depot  
  110  9:16  SCV, Marine x5  
  116  9:33  Marine x4  
  116  9:34  Marine  
  115  9:51  Marine  
  112  10:09  Marine  
  91  10:28  Marine  
  91  10:35  Marine  
  78  11:16  Command Center  
  43  13:22  Supply Depot  
  43  13:24  Supply Depot  
  43  13:25  Supply Depot  
  43  13:27  Supply Depot  
  33  13:47  SCV, Widow Mine  
  36  13:51  Reaper  
  37  13:57  Refinery  
  37  13:58  Refinery  
  37  14:15  Widow Mine  
  37  14:23  Command Center, Reaper  
  24  14:32  SCV  
  18  14:40  Command Center  
  18  14:44  SCV  
  17  14:55  Marine  
  17  14:56  SCV  
  17  15:08  SCV  
  17  15:13  Marine  
  19  15:20  SCV  
  20  15:31  Marine  
  21  15:36  Widow Mine  
  21  15:39  SCV  
  24  15:45  SCV  
  24  15:49  Marine  
  26  15:51  SCV  
  28  15:57  SCV  
  28  16:04  Widow Mine  
  28  16:05  Factory  
  28  16:06  Marine  
  31  16:24  Marine  
  32  16:28  SCV  
  33  16:40  SCV  
  33  16:42  Marine  
  33  17:00  Marine  
  33  21:28  SCV  
  33  21:30  SCV x2  
  33  21:40  SCV  
  33  21:42  SCV  
Tags
 
Add a new tag
Caveats
  • Supply blocks, unpowered buildings, or Contaminate may cause inaccurate times.
  • Supply counts are checked every 10 seconds.